 Dungeon Crawl Stone Soup version 0.25.1-9-gc5326a611f (webtiles) character file.

Game seed: 2686041081112467088

347 DuloT34 the Ducker (level 6, -3/76 HPs)
             Began as a Merfolk Gladiator on Dec 24, 2020.
             Slain by a sky beast (5 damage)
             ... on level 5 of the Dungeon.
             The game lasted 00:09:35 (4581 turns).

DuloT34 the Ducker (Merfolk Gladiator)              Turns: 4581, Time: 00:09:35

Health: -3/76      AC:  7    Str: 14    XL:     6   Next: 59%
Magic:  6/6        EV: 16    Int:  7    God:
Gold:   161        SH:  0    Dex: 18    Spells: 5/5 levels left

rFire    . . .     SeeInvis .   a - +0 trident
rCold    . . .     Gourm    .   (no shield)
rNeg     . . .     Faith    .   e - +2 animal skin
rPois    .         Spirit   .   c - +0 helmet
rElec    .         Reflect  .   g - +1 cloak
rCorr    .         Harm     .   (no gloves)
MR       .....                  (no boots)
Stlth    ..........             (no amulet)
HPRegen  0.22/turn              (no ring)
MPRegen  0.10/turn              (no ring)

@: berserking, lethally poisoned (-3 -> -3), about to teleport, heavily drained,
very quick
A: change form in water, swift swim, stealthy swim
a: no special abilities


You were on level 5 of the Dungeon.
You were hungry.

You visited 1 branch of the dungeon, and saw 5 of its levels.

You collected 161 gold pieces.

Inventory:

Hand Weapons
 a - a +0 trident (weapon)
Missiles
 d - 3 throwing nets (quivered)
Armour
 b - a +0 leather armour
 c - a +0 helmet (worn)
 e - a +2 animal skin (worn)
 g - a +1 cloak (worn)
 h - the +1 robe "Kono Hiotwe" {*Drain rC++}
   (You found it on level 4 of the Dungeon)

   It greatly protects you from cold.
   It causes draining when unequipped.
 i - a +0 cloak
Scrolls
 j - a scroll of identify
Potions
 k - a potion of brilliance {unknown}
 l - 3 potions of haste
 m - a potion of heal wounds {unknown}
 n - 2 potions of berserk rage
 p - a potion of flight {unknown}
 q - a potion of curing {unknown}
Comestibles
 f - 6 rations


   Skills:
 + Level 5.4(4.1) Fighting
 - Level 4.4(3.0) Polearms
 - Level 2.0(0.7) Throwing
 + Level 7.2(5.8) Dodging


You had 5 spell levels left.
You didn't know any spells.
Your spell library was empty.

Dungeon Overview and Level Annotations

Branches:
Dungeon (5/15)
 Temple: D:4-7

Altars:


Message History

You miss something. Something hits you. Something shocks you.
* * * LOW HITPOINT WARNING * * *
You closely miss something.
You feel sick. Something hits you.
* * * LOW HITPOINT WARNING * * *
Something shocks you.
* * * LOW HITPOINT WARNING * * *
Something barely misses you.
You closely miss something. Something hits you but does no damage.
You puncture something! Something hits you but does no damage.
As you read the scroll of teleportation, it crumbles to dust.
You feel strangely unstable.
* * * LOW HITPOINT WARNING * * *
You feel sick. Something hits you but does no damage.
It was a potion of berserk rage.
A red film seems to cover your vision as you go berserk!
You feel yourself moving faster!
You feel mighty! Something barely misses you.
You closely miss something. Something hits you.
* * * LOW HITPOINT WARNING * * *
Something shocks you.
You die...

#..# #..###### ##........
#######.#.####..
..........###.#.#
########......... #≈####.#.#
### #{# ... ..# #@# #.# #.#
#.# #.# #.# #.# #.#
#.###.######.######.########
#...........(..............##
#####........######.####.#...
#..############.# #...## #..#
#.......# ##### #..#
#.#####.#


There were no monsters in sight!

Vanquished Creatures
  A crimson imp (D:5)
  2 iguanas
  An orc wizard (D:5)
  Robin (D:2)
  3 gnolls (D:3)
  8 adders
  A shadow imp (D:5)
  2 oozes
  4 worms
  A dart slug (D:3)
  4 orcs (D:4)
  8 bats
  5 giant cockroaches
  15 goblins
  13 hobgoblins
  6 jackals (D:2)
  9 kobolds
  7 frilled lizards
  A jackal skeleton (D:5)
  5 rats
97 creatures vanquished.

Vanquished Creatures (others)
  A giant cockroach (D:4)
1 creature vanquished.

Grand Total: 98 creatures vanquished

Notes
Turn   | Place    | Note
-------+----------+-------------------------------------------
     0 | D:1      | DuloT34 the Merfolk Gladiator began the quest for the Orb.
     0 | D:1      | Reached XP level 1. HP: 16/16 MP: 1/1
   158 | D:1      | Reached XP level 2. HP: 22/23 MP: 2/2
   472 | D:1      | Reached XP level 3. HP: 19/29 MP: 3/3
  1284 | D:2      | Reached skill level 5 in Dodging
  1360 | D:2      | Noticed Robin
  1417 | D:2      | Reached XP level 4. HP: 18/37 MP: 4/4
  1471 | D:2      | Killed Robin
  2025 | D:2      | Reached XP level 5. HP: 16/42 MP: 5/5
  2314 | D:2      | Reached skill level 6 in Dodging
  3258 | D:3      | Reached XP level 6. HP: 24/50 MP: 6/6
  3332 | D:4      | Reached skill level 5 in Fighting
  3848 | D:4      | Got a dull robe
  3854 | D:4      | Identified the cursed +1 robe "Kono Hiotwe" {*Drain rC++}
                  | (You found it on level 4 of the Dungeon)
  3958 | D:5      | Entered Level 5 of the Dungeon
  3962 | D:5      | Reached skill level 7 in Dodging
  4547 | D:5      | Noticed a sky beast
  4576 | D:5      | HP: 2/51 [something (6)]
  4581 | D:5      | HP: 2/76 [something (1)]
  4581 | D:5      | Slain by a sky beast

Illustrated notes

Levels and vault maps discovered:
D:1:      ebering_trefoil_3fold, layout_loops_ring, kennysheep_boxes
D:2:      layout_basic, st_stairs_8, uniq_robin
D:3:      layout_basic
D:4:      layout_loops_ring, elyvilon_altar_4, serial_shops, shop
D:5:      layout_loops_ring, first_ration

Skill      XL: |  1  2  3  4  5  6 |
---------------+-------------------+-----
Fighting       | 3 4 5 |  5.4
Dodging        | 5 6 7 |  7.2
Polearms       | |  4.4
Throwing       | |  2.0

Action                   |  1- 3 |  4- 6 || total
-------------------------+-------+-------++-------
Melee: Trident           |   119 |   354 ||   473
  Use: Scroll            |     4 |     9 ||    13
       Potion            |       |     1 ||     1
 Stab: Sleeping          |     1 |     3 ||     4
       Distracted        |       |     1 ||     1
  Eat: Chunk             |     1 |     7 ||     8
       Ration            |       |     1 ||     1
Armor: Leather armour    |    30 |     2 ||    32
       Skin              |       |    27 ||    27
       Animal skin       |       |    44 ||    44
Dodge: Dodged            |    68 |   231 ||   299
